 Dungeon Crawl Stone Soup version 0.29-a0-517-gbdf32494f2 (webtiles) character file.

Game seed: 6679022470069973472

32 purpskrrrp the Shield-Bearer (level 3, 0/29 HPs)
             Began as a Formicid Fighter on May 30, 2022.
             Slain by an orc wizard
             ... wielding a +0 dagger
              (1 damage)
             ... on level 3 of the Dungeon.
             The game lasted 00:05:19 (1665 turns).

purpskrrrp the Shield-Bearer (Formicid Fighter)     Turns: 1665, Time: 00:05:20

Health: 0/29       AC: 11    Str: 22    XL:     3   Next: 42%
Magic:  3/3        EV:  9    Int:  7    God:
Gold:   107        SH:  4    Dex: 10    Spells: 2/2 levels left

rFire   . . .      SeeInvis +   a - +0 quarterstaff
rCold   . . .      Faith    .   c - +0 buckler
rNeg    . . .      Spirit   .   b - +0 scale mail
rPois   .          Reflect  .   (helmet unavailable)
rElec   .          Harm     .   (no cloak)
rCorr   .          Rampage  .   (no gloves)
Will    .....                   (no boots)
Stlth   ..........              (no amulet)
HPRegen 0.09/turn               h - +4 ring of protection
MPRegen 0.08/turn               (no ring)

@: invisible
A: permanent stasis, dig shafts and tunnels, antennae 3, four strong arms
a: Dig, Shaft Self


You were on level 3 of the Dungeon.
You visited 1 branch of the dungeon, and saw 3 of its levels.

You collected 107 gold pieces.

Inventory:

Hand Weapons
 a - a +0 quarterstaff (weapon)
Armour
 b - a +0 scale mail (worn)
 c - a +0 buckler (worn)
Magical Staves
 j - a staff of cold
Jewellery
 h - a +4 ring of protection (left hand)
Scrolls
 i - a scroll of enchant weapon
Potions
 d - a potion of might
 e - a potion of heal wounds
 k - a potion of brilliance


   Skills:
 + Level 3.6 Fighting
 + Level 2.5 Staves
 + Level 3.7 Armour
 + Level 0.9 Stealth
 + Level 4.2 Shields


You had 2 spell levels left.
You didn't know any spells.
Your spell library contained the following spells:

 Spells                   Type           Power      Damage    Failure   Level
 Magic Dart               Conj           0%         1d3       82%         1
 Call Imp                 Summ           0%         N/A       91%         2
 Mephitic Cloud           Conj/Pois/Air  0%         N/A       99%         3


Dungeon Overview and Level Annotations

Branches:
Dungeon (3/15)

Altars:


Innate Abilities, Weirdness & Mutations

You cannot be hasted, slowed, berserked, paralysed or teleported.
You can dig through walls and to a lower floor.
You have a pair of large antennae on your head. (SInv)
Your four strong arms can wield two-handed weapons with a shield.


Message History

The orc is heavily wounded.
You block the orc's attack. The orc wizard closely misses you.
The orc hits you with a +0 hand axe. x2
The orc wizard hits you but does no damage.
You closely miss the orc wizard.
The orc wizard is lightly wounded.
The orc wizard barely misses you. The orc hits you but does no damage.
The orc hits you with a +0 hand axe. The orc hits you but does no damage.
You closely miss the orc wizard.
The orc wizard is lightly wounded.
The orc wizard hits you but does no damage.
You block the orc's attack. The orc hits you with a +0 hand axe.
The orc closely misses you.
You closely miss the orc wizard.
The orc wizard is lightly wounded.
The orc hits you but does no damage.
The orc wizard hits you but does no damage.
The orc hits you with a +0 hand axe. You block the orc's attack.
You hit the orc wizard.
The orc wizard is moderately wounded.
The orc closely misses you. The orc hits you with a +0 hand axe.
* * * LOW HITPOINT WARNING * * *
The orc hits you but does no damage.
The orc wizard points at you and mumbles some strange words.
The magic dart hits you but does no damage.
You hit the orc wizard.
The orc wizard is heavily wounded.
The orc hits you but does no damage. x3
The orc wizard hits you with a +0 dagger.
* * * LOW HITPOINT WARNING * * *
The orc hits you with a +0 hand axe.
* * * LOW HITPOINT WARNING * * *
You block the orc's attack. The orc barely misses you.
The orc wizard gestures at you while chanting.
The magic dart hits you.
* * * LOW HITPOINT WARNING * * *
There are monsters nearby!
You fade into invisibility!
The orc wizard hits you with a +0 dagger.
You die...

.. # #.##
.### #...
... #..#
.|# #..#
###..# #..#
#....#
#.###.#.#{
##.....#
##o@o##
#.#oo.#
#.......#
#.###.....#
## ##.#.##
#.#...
#.#.## .#


You could see an orc wizard (can't see you) and 3 orcs.

Vanquished Creatures
  A dart slug (D:3)
  3 endoplasms
  4 hobgoblins
  4 quokkas
  4 ball pythons
  2 frilled lizards
  4 goblins
  4 kobolds
  2 rats
28 creatures vanquished.

Vanquished Creatures (others)
  7 plants (D:2)
  6 withered plants (D:2)
13 creatures vanquished.

Grand Total: 41 creatures vanquished

Notes
Turn   | Place    | Note
-------+----------+-------------------------------------------
     0 | D:1      | purpskrrrp the Formicid Fighter began the quest for the
                  | Orb.
     0 | D:1      | Reached XP level 1. HP: 18/18 MP: 1/1
   222 | D:1      | Reached XP level 2. HP: 24/24 MP: 2/2
  1062 | D:2      | Reached XP level 3. HP: 20/29 MP: 3/3
  1350 | D:2      | Found a faded altar of an unknown god.
  1664 | D:3      | HP: 1/29 [orc wizard/magic dart (1)]
  1665 | D:3      | Slain by an orc wizard

Illustrated notes

Levels and vault maps discovered:
D:1:      zaba_arrival_water, layout_basic
D:2:      layout_loops_cross, shapermc_ecumenical_altar_flowoftime
D:3:      cheibrodos_pilgrimage, layout_loops_ring

Action                   || total
-------------------------++-------
Melee: Quarterstaff      ||   103
  Use: Scroll            ||     5
       Potion            ||     1
Armor: Scale mail        ||    38
Dodge: Dodged            ||    40
Block: Buckler           ||    16

Table legend: (Time is in decaauts)
 A = Elapsed time spent in this place.
 B = Non-inter-level travel time spent in this place.
 C = Inter-level travel time spent in this place.
 D = Time resting spent in this place.
 E = Time spent auto-exploring this place.
 F = Levels seen in this place.
 G = Mean time per level.
                   A        B        C        D        E       F      G
               +--------+--------+--------+--------+--------+-----+--------+
         Total |   1693 |   1668 |     25 |    282 |    927 |   3 |  564.3 |
       Dungeon |   1693 |   1668 |     25 |    282 |    927 |   3 |  564.3 |
               +--------+--------+--------+--------+--------+-----+--------+

Top non-repeatable levels by time:
     D:2: 1001 daAuts
     D:1: 670 daAuts
     D:3: 21 daAuts
